 Dungeon Crawl Stone Soup version 0.23.2-40-g277498a001 (webtiles) character file.

Game seed: 8024552163605465660

413 ANON1729 the Grave Robber (level 6, -5/41 HPs)
             Began as a Mummy Necromancer on Oct 20, 2019.
             Was an Initiate of Nemelex Xobeh.
             Slain by an insubstantial wisp (6 damage)
             ... summoned by the player character
             ... on level 4 of the Dungeon.
             The game lasted 00:12:05 (3070 turns).

ANON1729 the Grave Robber (Mummy Necromancer)       Turns: 3070, Time: 00:12:06

Health: -5/41      AC:  5    Str: 11    XL:     6   Next: 59%
Magic:  11/13      EV: 13    Int: 16    God:    Nemelex Xobeh [......]
Gold:   72         SH:  0    Dex: 13    Spells: 9/14 levels left

rFire    x . .     SeeInvis .   f - +0 whip
rCold    + . .     Gourm    .   (no shield)
rNeg     + + +     Faith    .   a - +0 robe
rPois    ∞         Spirit   .   i - +2 hat
rElec    .         Reflect  .   (no cloak)
rCorr    .         Harm     .   j - +0 pair of gloves
MR       +....                  (no boots)
Stlth    +++.......             (no amulet)
HPRegen  0.13/turn              b - ring of stealth
MPRegen  0.13/turn              h - ring of protection from magic

@: no status effects
A: no food or potions, fire vulnerability, cold resistance 1, negative energy
resistance 3, torment resistance, unbreathing
a: Draw Escape, Draw Destruction, Draw Summoning, Renounce Religion


You were on level 4 of the Dungeon.
You worshipped Nemelex Xobeh.
Nemelex Xobeh was noncommittal.
You were not hungry.

You visited 1 branch of the dungeon, and saw 4 of its levels.

You collected 72 gold pieces.

Inventory:

Hand Weapons
 d - a +0 dagger
 e - a +0 short sword
 f - a +0 whip (weapon)
Missiles
 l - 7 javelins (quivered)
Armour
 a - a +0 robe (worn)
 i - a +2 hat (worn)
 j - a +0 pair of gloves (worn)
Jewellery
 b - a ring of stealth (left hand)
 h - a ring of protection from magic (right hand)


   Skills:
 + Level 3.1 Dodging
 + Level 3.3 Stealth
 + Level 4.7 Spellcasting
 + Level 5.2 Necromancy
 * Level 1.0 Invocations


You had 9 spell levels left.
You knew the following spells:

 Your Spells              Type           Power        Failure   Level  Hunger
a - Pain                  Necr           ###.         1%          1    N/A
b - Animate Skeleton      Necr           N/A          1%          1    N/A
c - Vampiric Draining     Necr           ###.......   5%          3    N/A

Your spell library contained the following spells:

 Spells                   Type           Power        Failure   Level  Hunger
 Animate Dead             Necr           N/A          19%         4    N/A
 Regeneration             Chrm/Necr      Unusable     N/A         3    N/A

Dungeon Overview and Level Annotations

Branches:
Dungeon (4/15)
 Temple: D:4-7

Altars:
Nemelex Xobeh
Yredelemnul


Innate Abilities, Weirdness & Mutations

You do not eat or drink.
Your flesh is vulnerable to fire.
You are immune to poison.
Your flesh is cold resistant. (rC+)
You are immune to negative energy. (rN+++)
You are immune to unholy pain and torment.
You can survive without breathing.


Message History

The insubstantial wisp thrums sharply.
You are struck by an arc of lightning!
* * * LOW HITPOINT WARNING * * *
The insubstantial wisp closely misses you.
Unknown command.
Unknown command.
As you read the scroll labeled CERENNY XOSS, it crumbles to dust.
You hear a loud clanging noise!
It was a scroll of noise.
You hear a shout! x3; You hear an angry hiss.
The iguana is engulfed in freezing vapours.
Your insubstantial wisp hits the insubstantial wisp.
Your insubstantial wisp blinks!
The insubstantial wisp closely misses you.
As you read the scroll labeled OSAOP DECYORICK, it crumbles to dust.
It is a scroll of identify.
e - a +0 short sword The insubstantial wisp hits you.
You die...
Your body disappears without a glow.

#.........# #.#.......##
#.......W..##
#...#####...######
##.##$.!##.......#
#.#..§.§#.#####.. #.#.≈≈≈☼#.#
#.#.§§§v#.# #.#.≈≈≈@#.#
#.#..≈○.#.#
#W##..v##.############.#
..####..#?..#..##............
#........##.##......$...?.....
#.........#v#....#....W.......
##........○○....#######.......
#.........v...## .......
#....l.........# .......


You could see 2 insubstantial wisps and 2 friendly insubstantial wisps.

Vanquished Creatures
  Sigmund (D:2)
  A crimson imp (D:4)
  Natasha (thrice) (D:2)
  Terence (D:2)
  A gnoll (D:2)
  6 adders (D:2)
  2 oozes (D:2)
  4 dart slugs
  3 leopard geckos
  A giant cockroach (D:1)
  6 goblins (D:1)
  6 hobgoblins
  6 jackals
  8 kobolds
  A quokka (D:2)
  2 ball pythons (D:1)
  8 bats
  A frilled lizard (D:1)
  6 rats
67 creatures vanquished.

Vanquished Creatures (collateral kills)
  A leopard gecko (D:2)
  A giant cockroach (D:2)
  A jackal (D:2)
3 creatures vanquished.

Grand Total: 70 creatures vanquished

Notes
Turn   | Place    | Note
-------+----------+-------------------------------------------
     0 | D:1      | ANON1729 the Mummy Necromancer began the quest for the Orb.
     0 | D:1      | Reached XP level 1. HP: 13/13 MP: 4/4
   153 | D:1      | Learned a level 1 spell: Animate Skeleton
   230 | D:1      | Reached XP level 2. HP: 19/19 MP: 3/5
   750 | D:1      | Reached XP level 3. HP: 22/24 MP: 7/7
  1283 | D:2      | Noticed Sigmund
  1562 | D:2      | Reached XP level 4. HP: 22/30 MP: 4/9
  1663 | D:2      | Killed Sigmund
  1663 | D:2      | Reached XP level 5. HP: 23/35 MP: 2/11
  1827 | D:2      | Learned a level 3 spell: Vampiric Draining
  2137 | D:2      | Reached skill level 5 in Necromancy
  2313 | D:2      | Reached XP level 6. HP: 41/41 MP: 5/12
  2472 | D:2      | Noticed Natasha
  2481 | D:2      | Noticed Terence
  2492 | D:2      | Killed Natasha
  2531 | D:2      | Killed Terence
  2634 | D:2      | Found a sparkling altar of Nemelex Xobeh.
  2647 | D:2      | Became a worshipper of Nemelex Xobeh the Trickster
  2657 | D:2      | Noticed Natasha
  2670 | D:2      | Killed Natasha
  2682 | D:2      | Found a basalt altar of Yredelemnul.
  2723 | D:2      | Noticed Natasha
  2725 | D:2      | Killed Natasha
  3029 | D:4      | Received a gift from Nemelex Xobeh
  3060 | D:4      | Noticed an insubstantial wisp
  3060 | D:4      | Noticed an insubstantial wisp
  3063 | D:4      | Reached skill level 1 in Invocations
  3068 | D:4      | HP: 1/41 [insubstantial wisp/static electricity[the player
                  | character] (8)]
  3070 | D:4      | Slain by an insubstantial wisp

Skill      XL: |  1  2  3  4  5  6 |
---------------+-------------------+-----
Spellcasting   | 3 4 |  4.7
Stealth        | 2 3 |  3.3
Dodging        | 2 3 |  3.1
Necromancy     | 5 |  5.2
Invocations    | 1 |  1.0

Action                   |  1- 3 |  4- 6 || total
-------------------------+-------+-------++-------
Melee: Dagger            |    55 |       ||    55
       Whip              |       |     1 ||     1
 Cast: Pain              |    59 |    86 ||   145
       Animate Skeleton  |     9 |     7 ||    16
       Vampiric Draining |       |     1 ||     1
 Abil: Draw Escape       |       |     2 ||     2
       Draw Destruction  |       |     1 ||     1
       Draw Summoning    |       |     1 ||     1
  Use: Scroll            |       |     3 ||     3
 Stab: Sleeping          |     2 |     1 ||     3
Armor: Robe              |    16 |     6 ||    22
Dodge: Dodged            |    49 |    31 ||    80
